 Dungeon Crawl Stone Soup version 0.31-a0-233-g139696dc86 (webtiles) character file.

Game seed: 14929426509633067810

97 qw the Shooter (level 4, -3/36 HPs)
             Began as a Minotaur Hexslinger on July 7, 2023.
             Succumbed to Ijyb's poison
             ... on level 3 of the Dungeon.
             The game lasted 00:00:40 (1814 turns).

qw the Shooter (Minotaur Hexslinger)                Turns: 1814, Time: 00:00:41

Health: -3/36      AC:  8    Str: 12 (13) XL:     4   Next: 42%
Magic:  4/4        EV: 10    Int: 10      God:
Gold:   91         SH:  0    Dex: 11 (14) Spells: 4/5 levels left

rFire   . . .        Y - +2 sling
rCold   + . .        (no shield)
rNeg    . . .        f - +0 ring mail
rPois   .            (helmet restricted)
rElec   .            (no cloak)
rCorr   .            (no gloves)
SInv    .            i - +2 pair of boots
Will    .....        (no amulet) Stlth
                     n - ring of protection from cold
HPRegen 0.26/turn    (no ring)
MPRegen 0.09/turn

%: no passive effects
@: confused, lethally poisoned (-3 -> -20)
A: horns 2, retaliatory headbutt
a: no special abilities


You were on level 3 of the Dungeon.
You visited 1 branch of the dungeon, and saw 3 of its levels.

You collected 91 gold pieces.


Innate Abilities, Weirdness & Mutations

You have a pair of horns on your head.
You reflexively headbutt those who attack you in melee.


   Skills:
 - Level 2.0 Fighting
 + Level 4.8 Ranged Weapons
 - Level 1.0 Armour
 - Level 2.1 Dodging
 - Level 1.0 Spellcasting
 - Level 2.0 Hexes


You had 4 spell levels left.
You knew the following spells:

 Your Spells              Type           Power      Damage    Failure   Level
a - Slow                  Hex            16%        N/A       34%         1

Your spell library contained the following spells:

 Spells                   Type           Power      Damage    Failure   Level
 Inner Flame              Hex/Fire       2%         N/A       83%         3
 Portal Projectile        Hex/Tloc       4%         N/A       83%         3
 Cause Fear               Hex            2%         N/A       98%         4

Inventory:

Hand Weapons
 Y - a +2 sling (weapon)
Armour
 f - a +0 ring mail (worn)
 i - a +2 pair of boots (worn)
Jewellery
 n - a ring of protection from cold (left hand)
Scrolls
 a - a scroll of fog {unknown}
Potions
 b - a potion of mutation {unknown}
 c - a potion of heal wounds {unknown}
 d - a potion of ambrosia {unknown}
 g - 2 potions of enlightenment
 k - a potion of curing {unknown}
 l - a potion of lignification {unknown}

Dungeon Overview and Level Annotations

Branches:
Dungeon (3/15)

Altars:

Annotations:
D:3 Ijyb


Message History

You shoot a sling bullet.
The sling bullet closely misses the rat.
You shoot a sling bullet. The sling bullet hits the rat.
You kill the rat!
You feel your intelligence returning.
You shoot a sling bullet.
The sling bullet hits Ijyb but does no damage.
Ijyb is lightly wounded.
Ijyb hits you but does no damage.
You are poisoned.
You shoot a sling bullet. The sling bullet closely misses Ijyb.
You feel sick. Ijyb completely misses you. Ijyb hits you but does no damage.
You are more poisoned.
You shoot a sling bullet. The sling bullet barely misses Ijyb.
You feel very sick. Ijyb hits you but does no damage.
You are more poisoned.
You shoot a sling bullet. The sling bullet barely misses Ijyb.
You feel very sick. Ijyb hits you but does no damage.
You are more poisoned.
You shoot a sling bullet. The sling bullet hits Ijyb.
Ijyb is moderately wounded.
You feel very sick. Ijyb hits you but does no damage.
You are lethally poisoned!
You shoot a sling bullet.
The sling bullet hits Ijyb but does no damage.
Ijyb is moderately wounded.
You feel extremely sick.
Ijyb zaps a wand.
You resist with some effort. Ijyb closely misses you.
You shoot a sling bullet. The sling bullet closely misses Ijyb.
You feel very sick.
Ijyb hits you with a +1 dagger of venom.
You are more poisoned.
You shoot a sling bullet. The sling bullet closely misses Ijyb.
You feel very sick.
Ijyb zaps a wand.
Your will is overpowered!
You are confused.
You die...

.. ..... .... .# #..#.
....#######.# #....
.........##.# #..#.
............## ##..#.
.........#...# #...#.
#......##..## ##...#.
#...g..##[..# #...##.
###.>@......####......
...............##.......
...............##.....#.
........####..####..###.
.........%..%.####....%.
.............##..##...#.
..!.....###..##..##.....
........# #.##....##....
.. #.##....##....


You could see Ijyb.

Vanquished Creatures
  4 adders
  2 worms (D:2)
  A dart slug (D:3)
  An orc (D:3)
  4 bats
  3 endoplasms
  3 giant cockroaches
  6 goblins
  4 hobgoblins
  3 jackals (D:2)
  3 quokkas
  4 ball pythons
  4 frilled lizards
  3 kobolds (D:2)
  4 rats
49 creatures vanquished.

Notes
Turn   | Place    | Note
-------+----------+-------------------------------------------
     0 | D:1      | qw the Minotaur Hexslinger began the quest for the Orb.
     0 | D:1      | Reached XP level 1. HP: 16/16 MP: 1/1
     0 | D:1      | 0 ||| qw: Version: 0.3-a-46-gb1f654a
     0 | D:1      | 0 ||| qw: Game counter: 3231
     0 | D:1      | 0 ||| qw: Melee chars always use a shield: true
     0 | D:1      | 0 ||| qw: God list: Okawaru
     0 | D:1      | 0 ||| qw: Allow faded altars: false
     0 | D:1      | 0 ||| qw: Do Orc after clearing Dungeon:15 true
     0 | D:1      | 0 ||| qw: Do second Lair branch before Depths: true
     0 | D:1      | 0 ||| qw: Lair rune preference: random
     0 | D:1      | 0 ||| qw: Goals: Normal
     0 | D:1      | 0 ||| PLANNING D:1-11
   243 | D:1      | Reached skill level 3 in Ranged Weapons
   243 | D:1      | Reached XP level 2. HP: 23/23 MP: 2/2
   843 | D:1      | 843 ||| UPGRADING to +0 ring mail.
   853 | D:1      | 853 ||| DROPPING +0 robe.
   854 | D:1      | 854 ||| UPGRADING to +2 pair of boots.
   859 | D:1      | 859 ||| READING scroll labelled BEP LOBRADUS.
   860 | D:1      | 860 ||| DROPPING scroll of poison.
   920 | D:2      | Reached XP level 3. HP: 29/29 MP: 3/3
   948 | D:2      | Found a faded altar of an unknown god.
  1014 | D:2      | Reached skill level 4 in Ranged Weapons
  1069 | D:2      | Reached skill level 1 in Armour
  1309 | D:2      | Reached XP level 4. HP: 36/36 MP: 4/4
  1563 | D:2      | 1563 ||| UPGRADING to ring of protection from cold.
  1564 | D:2      | 1564 ||| READING scroll labelled XEVODO CACREMN.
  1626 | D:2      | 1626 ||| READING scroll labelled FEIGOTAKLIN.
  1627 | D:2      | 1627 ||| READING scroll labelled ODUYLI LANEAPS.
  1628 | D:2      | 1628 ||| READING scroll labelled UREOS KAETH.
  1629 | D:2      | 1629 ||| READING scroll labelled ACHYICWY CICUA.
  1632 | D:2      | 1632 ||| DRINKING 3 bubbling white potions.
  1633 | D:2      | 1633 ||| DRINKING 2 fuming amethyst potions.
  1634 | D:2      | 1634 ||| DROPPING potion of degeneration.
  1799 | D:3      | Noticed Ijyb
  1812 | D:3      | HP: 9/36 [poisoned by Ijyb]
  1813 | D:3      | HP: 1/36 [poisoned by Ijyb]
  1814 | D:3      | Succumbed to Ijyb's poison

Levels and vault maps discovered:
D:1:      shiori_arrival_elements, layout_basic
D:2:      layout_loops_cross, ebering_ecumenical_altar_abandoned
D:3:      layout_basic, mainiacjoe_overflow_surrounded_room,
          minmay_crystal_room, minmay_misc_feat_x, uniq_ijyb

Skill      XL: |  1  2  3 |
---------------+----------+-----
Ranged Weapons | 3 4 |  4.8
Fighting       | 2 |  2.0
Armour         | 1 |  1.0
Dodging        | |  2.1
Spellcasting   | |  1.0
Hexes          | |  2.0

Action                     |  1- 3 |  4- 6 || total
---------------------------+-------+-------++-------
   Fire: Sling             |   109 |    45 ||   154
    Use: Scroll            |     1 |     5 ||     6
         Potion            |       |     2 ||     2
 Armour: Robe              |     3 |       ||     3
         Ring mail         |    20 |    14 ||    34
  Dodge: Dodged            |    33 |    15 ||    48

Table legend:
 A = Non-vault XP
 B = Vault XP
 C = Vault XP percentage of total XP
 D = Non-vault monster count
 E = Vault monster count
 F = Vault count percentage of total count
                 A         B        C        D         E       F
            +---------+---------+-------+---------+---------+-------
      Total |     139 |       0 |   0.0 |      49 |       0 |   0.0
            +---------+---------+-------+---------+---------+-------
        D:1 |      28 |       0 |   0.0 |      16 |       0 |   0.0
        D:2 |      83 |       0 |   0.0 |      26 |       0 |   0.0
        D:3 |      28 |       0 |   0.0 |       7 |       0 |   0.0
            +---------+---------+-------+---------+---------+-------
